 Dungeon Crawl Stone Soup version 0.25-a0-365-g7600c65 (webtiles) character file.

Game seed: 12914459097315581194, levelgen mode: deterministic

18 relicbr the Grave Robber (level 2, 0/22 HPs)
             Began as a Deep Dwarf Necromancer on Jan 5, 2020.
             Slain by a worm (5 damage)
             ... on level 2 of the Dungeon.
             The game lasted 00:01:55 (966 turns).

relicbr the Grave Robber (Deep Dwarf Necromancer)    Turns: 966, Time: 00:01:56

Health: 0/22       AC:  2    Str: 11    XL:     2   Next: 48%
Magic:  3/4        EV: 12    Int: 15    God:
Gold:   15         SH:  0    Dex: 13    Spells: 3/4 levels left

rFire    . . .     SeeInvis .   d - +0 dagger
rCold    . . .     Gourm    .   (no shield)
rNeg     . . .     Faith    .   a - +0 robe
rPois    .         Spirit   .   (no helmet)
rElec    .         Reflect  .   (no cloak)
rCorr    .         Harm     .   (no gloves)
MR       .....                  (no boots)
Stlth    ++........             (no amulet)
HPRegen  0.00/turn              (no ring)
MPRegen  0.09/turn              (no ring)

@: non-regenerating
A: damage resistance, heal wounds, sense surroundings 1, no regeneration
a: Heal Wounds


You were on level 2 of the Dungeon.
You were hungry.

You visited 1 branch of the dungeon, and saw 2 of its levels.

You collected 15 gold pieces.

Inventory:

Hand Weapons
 d - a +0 dagger (weapon)
Armour
 a - a +0 robe (worn)
Scrolls
 e - a scroll of magic mapping {unknown}
Potions
 b - 2 potions of heal wounds {unknown}
 g - a potion of ambrosia {unknown}
Comestibles
 c - 2 rations


   Skills:
 - Level 2.1 Dodging
 - Level 2.4 Stealth
 - Level 1.7 Spellcasting
 * Level 5.2 Necromancy


You had 3 spell levels left.
You knew the following spells:

 Your Spells              Type           Power        Failure   Level  Hunger
a - Pain                  Necr           ###.         2%          1    ##.....

Your spell library contained the following spells:

 Spells                   Type           Power        Failure   Level  Hunger
 Animate Skeleton         Necr           N/A          2%          1    ##.....
 Vampiric Draining        Necr           ###.......   8%          3    ####...
 Animate Dead             Necr           N/A          26%         4    #####..
 Agony                    Necr           ###.....     58%         5    ######.


Dungeon Overview and Level Annotations

Branches:
Dungeon (2/15)

Altars:


Innate Abilities, Weirdness & Mutations

You are resistant to damage.
You can heal yourself by infusing magical energy.
You passively map a small area around you.
You do not regenerate.


Message History

Aim: a kobold (chance to defeat MR: 87%)
The kobold writhes in agony.
You kill the kobold!
Found a stone staircase leading down.
A bat comes into view.
There is a stone staircase leading down here.
You climb downwards.
A worm and a goblin come into view.
The goblin shouts!
Found a scroll labeled AMEIC QUPHAKH and a ration.
There is a stone staircase leading up here.
The goblin closely misses you. The goblin hits you but does no damage.
The goblin closely misses you. The goblin closely misses you.
The goblin barely misses you. The goblin misses you. The worm bites you.
The goblin barely misses you. The worm bites you!
You die...

.###.....## .
.......%.## * ,
..#.........###
, .............
#.........# * *
* *#.......#
#...g.# * *
#w@.#
.....?..##
#########


You could see a worm and a goblin.

Vanquished Creatures
  A leopard gecko (D:1)
  4 bats (D:1)
  2 giant cockroaches (D:1)
  2 goblins (D:1)
  A hobgoblin (D:1)
  A kobold (D:1)
  3 frilled lizards (D:1)
  3 rats (D:1)
17 creatures vanquished.

Notes
Turn   | Place    | Note
-------+----------+-------------------------------------------
     0 | D:1      | relicbr the Deep Dwarf Necromancer began the quest for the
                  | Orb.
     0 | D:1      | Reached XP level 1. HP: 15/15 MP: 3/3
   210 | D:1      | Reached XP level 2. HP: 19/22 MP: 1/4
   242 | D:1      | Reached skill level 5 in Necromancy
   966 | D:2      | Slain by a worm

Levels and vault maps discovered:
D:1:      roderic_dead_forest, layout_rooms
D:2:      layout_loops_ring, zin_treasury, chequers_serial_rivers_small_3

Skill      XL: |  1  2 |
---------------+-------+-----
Necromancy     | 5 |  5.2
Dodging        | |  2.1
Stealth        | |  2.4
Spellcasting   | |  1.7

Action                   || total
-------------------------++-------
Melee: Unarmed           ||     8
       Dagger            ||    21
 Cast: Pain              ||    24
Armor: Robe              ||    18
Dodge: Dodged            ||    49

Table legend:
 A = Non-vault XP
 B = Vault XP
 C = Vault XP percentage of total XP
 D = Non-vault monster count
 E = Vault monster count
 F = Vault count percentage of total count
                 A         B        C        D         E       F
            +---------+---------+-------+---------+---------+-------
      Total |      26 |       0 |   0.0 |      17 |       0 |   0.0
            +---------+---------+-------+---------+---------+-------
        D:1 |      26 |       0 |   0.0 |      17 |       0 |   0.0
            +---------+---------+-------+---------+---------+-------
